 Dungeon Crawl Stone Soup version 0.17-a0-2127-g1cb09f6 (console) character file.

7795 endege the Basher (level 11, -2/111 HPs)
             Began as a Troll Fighter on Oct 22, 2015.
             Was a High Priest of Makhleb.
             Slain by a skeletal warrior
             ... wielding a +0 glaive
              (28 damage)
             ... on level 10 of the Dungeon on Oct 23, 2015.
             The game lasted 01:20:26 (9142 turns).

endege the Basher (Troll Fighter)                   Turns: 9142, Time: 01:20:27

Health: -2/111     AC:  6    Str: 28    XL:     11   Next: 1%
Magic:  19/19      EV: 12    Int:  4    God:    Makhleb [*****.]
Gold:   736        SH: 12    Dex: 12    Spells: 0 memorised, 10 levels left

rFire  . . .     SeeInvis .     f - +3 whip (elec)
rCold  . . .     Clarity  .     (armour restricted)
rNeg   + . .     SustAt   .     c - +1 shield
rPois  .         Gourm    +     (helmet restricted)
rElec  .         Spirit   .     t - +2 cloak {MR+}
rCorr  .         Warding  .     (gloves unavailable)
rMut   .         Stasis   +     (boots unavailable)
MR     +....                    G - amulet of stasis
Stlth  +.........               w - ring of positive energy
                                A - ring of magical power

@: somewhat resistant to hostile enchantments, very unstealthy
A: unfitting armour, claws 3, berserk 1, blurry vision 1, fast metabolism 3,
gourmand, regeneration 2, shaggy fur 1, strong 1, tough skin 2
a: Minor Destruction, Lesser Servant of Makhleb, Major Destruction, Greater
Servant of Makhleb, Renounce Religion


You were on level 10 of the Dungeon.
You worshipped Makhleb.
Makhleb was extremely pleased with you.
You were full.

You visited 2 branches of the dungeon, and saw 12 of its levels.
You also visited: Ossuary.

You collected 736 gold pieces.

Inventory:

Hand Weapons
 a - a +0 flail
 f - a +3 whip of electrocution (weapon)
 q - a cursed -1 short sword
Missiles
 B - 2 javelins of penetration (quivered)
 T - 4 tomahawks of dispersal
Armour
 b - a +0 robe
 c - a +1 shield (worn)
 t - a +2 cloak of magic resistance (worn)
Jewellery
 i - an uncursed ring of magical power
 w - a ring of positive energy (right claw)
 A - a ring of magical power (left claw)
 G - an amulet of stasis (around neck)
 W - the ring of the Six Seas {*Corrode Str+4 Int+3}
   (You found it on level 10 of the Dungeon)

   [ring of intelligence]

   It affects your strength (+4).
   It affects your intelligence (+3).
   It may corrode your equipment when you take damage.
Wands
 j - a wand of digging (17)
 v - a wand of fireball (5)
 E - a wand of paralysis (8)
 H - a wand of teleportation (4)
 Q - a wand of magic darts (33)
 Z - a wand of lightning (7)
Scrolls
 k - 5 scrolls of teleportation
 l - a scroll of summoning {unknown}
 n - 8 scrolls of identify
 r - 5 scrolls of remove curse
 x - 3 scrolls of enchant weapon
 z - a scroll of amnesia
 F - 2 scrolls of blinking
 I - a scroll of enchant armour
 O - 2 scrolls of magic mapping
 X - a scroll of holy word {unknown}
Potions
 d - 2 potions of might
 m - 7 potions of curing
 p - 2 potions of haste
 s - 3 potions of heal wounds
 u - 2 potions of brilliance
 D - a potion of flight
 J - a potion of cancellation {unknown}
 K - 4 potions of agility
 L - a potion of cure mutation
 N - a potion of invisibility
 P - a potion of poison {unknown}
Books
 o - a book of Maledictions

   Spells                             Type                      Level
   a - Corona                         Hexes                        1
   b - Ensorcelled Hibernation        Hexes/Ice                    2
   c - Confuse                        Hexes                        3
   d - Tukima's Dance                 Hexes                        3
   e - Dazzling Spray                 Conjuration/Hexes            3
 y - a book of Unlife

   Spells                             Type                      Level
   a - Recall                         Summoning/Translocation      3
   b - Animate Dead                   Necromancy                   4
   c - Control Undead                 Necromancy                   4
   d - Cigotuvi's Embrace             Necromancy                   5
   e - Death Channel                  Necromancy                   6
   f - Simulacrum                     Ice/Necromancy               6
 M - the Incunabulum of Helpful Confrontation
   (You found it on level 10 of the Dungeon)

   Spells                             Type                      Level
   a - Repel Missiles                 Charms/Air                   2
   b - Bolt of Magma                  Conjuration/Fire/Earth       5
   c - Haste                          Charms                       6
   d - Spellforged Servitor           Conjuration/Summoning        7
 R - a book of Ice

   Spells                             Type                      Level
   a - Ice Form                       Ice/Transmutation            4
   b - Metabolic Englaciation         Hexes/Ice                    5
   c - Ozocubu's Refrigeration        Ice                          6
   d - Bolt of Cold                   Conjuration/Ice              6
   e - Freezing Cloud                 Conjuration/Ice/Air          6
   f - Simulacrum                     Ice/Necromancy               6
Comestibles
 e - 5 bread rations
 g - a royal jelly
 h - 5 slices of pizza


   Skills:
 + Level 7.9 Fighting
 + Level 8.1 Maces & Flails
 + Level 7.4 Dodging
 + Level 7.4 Shields


You had 10 spell levels left.
You didn't know any spells.

Dungeon Overview and Level Annotations

Branches:
Dungeon (11/15)            Temple (1/1) D:4            Lair (0/8) D:10
    Orc: D:9-12

Altars:
Ashenzari
Cheibriados
Dithmenos
Elyvilon
Fedhas
Makhleb
Nemelex Xobeh
Qazlal
Sif Muna
Trog
Xom
Yredelemnul
The Shining One
Beogh


Innate Abilities, Weirdness & Mutations

You are too large for most types of armour.
You have claws for hands.
Your metabolism is lightning-fast.
You like to eat raw meat.
You heal very quickly.
You are covered in fur (AC +1).
You have very tough skin (AC +2).
You tend to lose your temper in combat.
Scrolls take you a little longer to read.
Your muscles are strong. (Str +2)


Message History

You hit the skeletal warrior but do no damage.
There is a sudden explosion of sparks!
The skeletal warrior is moderately damaged.
You block the skeletal warrior's attack.
The skeletal warrior hits you from afar with a trident!
You hit the skeletal warrior but do no damage.
The skeletal warrior is moderately damaged.
The skeletal warrior hits you with a glaive!!
You hit the skeletal warrior but do no damage.
There is a sudden explosion of sparks!
The skeletal warrior is heavily damaged.
The skeletal warrior hits you with a glaive!
You block the skeletal warrior's attack.
You block the skeletal warrior's attack. x2
The skeletal warrior hits you from afar with a trident!!
* * * LOW HITPOINT WARNING * * *
You climb upwards.
There is a stone staircase leading down here.
The skeletal warrior hits you from afar with a glaive!!
You die...

........<# ##..........#
.........####...........#
.(............#...#.....#
..................#######
...............#..####
.....................#
...[...........#.....#
.........#.#####.....#
.........#..###.@....#
.#.##.........z>##).##
##.####........z.....#
##..###..#..####.....##
###..##.##............###
#.......................#
..#...................#.#
.....##.........##....#.#
.......(..............#.#


You could see 2 skeletal warriors.

Vanquished Creatures
  The ghost of brucemayne the Cleaver, a novice DsAs of Makhleb (D:8)
  Nergalle (D:10)
  The ghost of furman the Cleaver, a novice FoFi (D:5)
  Maurice (D:8)
  A spriggan (D:7)
  4 fire bats (D:10)
  A wyvern (D:10)
  Menkaure (D:7)
  Edmund (D:5)
  2 soldier ants (D:5)
  A hell hound (D:10)
  5 orc warriors
  A black bear (D:10)
  An eye of draining (D:9)
  A necrophage (D:7)
  5 ogres
  An ice beast (D:9)
  4 phantoms
  A centaur (D:8)
  A sky beast (D:10)
  3 big kobolds
  5 giant frogs
  A wyvern zombie (D:10)
  4 scorpions
  6 killer bees
  5 wights (D:9)
  An electric eel (D:7)
  2 lava snakes (D:10)
  A wasp zombie (D:8)
  4 hounds
  3 jellies
  4 crimson imps
  3 giant frog zombies
  2 iguanas (D:5)
  6 orc wizards
  A giant frog skeleton (D:10)
  3 orc priests
  Terence (D:2)
  A big kobold zombie (Ossuary)
  A killer bee zombie (D:5)
  6 worker ants
  8 mummies (Ossuary)
  A hound skeleton (D:4)
  2 worker ant zombies
  8 adders
  4 gnolls (D:4)
  A shadow imp (D:5)
  4 oozes
  An adder skeleton (D:8)
  4 giant geckos
  35 orcs
  14 giant cockroaches
  4 hobgoblins
  20 kobolds
  4 quokkas
  2 ball pythons
  10 bats
  A giant gecko zombie (D:8)
  2 giant newts
  A gnoll zombie (Ossuary)
  4 goblins
  2 hobgoblin zombies (Ossuary)
  6 jackals
  4 kobold zombies (Ossuary)
  5 rats
  2 butterflies (D:5)
247 creatures vanquished.

Vanquished Creatures (others)
  A fire vortex (D:10)
1 creature vanquished.

Grand Total: 248 creatures vanquished

Notes
Turn   | Place    | Note
--------------------------------------------------------------
     0 | D:1      | endege the Troll Fighter began the quest for the Orb.
     0 | D:1      | Reached XP level 1. HP: 22/22 MP: 0/0
   212 | D:1      | Reached XP level 2. HP: 27/29 MP: 1/1
   299 | D:1      | Reached skill level 3 in Fighting
   842 | D:2      | Reached XP level 3. HP: 34/37 MP: 2/2
   865 | D:2      | Noticed Terence
   879 | D:2      | Killed Terence
   916 | D:2      | Found a sparkling altar of Nemelex Xobeh.
   968 | D:2      | Reached XP level 4. HP: 42/45 MP: 3/3
  1731 | D:3      | Found a shattered altar of Ashenzari.
  1857 | D:3      | Gained mutation: Your muscles are strong. (Str +2) [potion of mutation]
  1857 | D:3      | Gained mutation: You tend to lose your temper in combat. [potion of mutation]
  1857 | D:3      | Gained mutation: Scrolls take you a little longer to read. [potion of mutation]
  2178 | D:3      | Found a burning altar of Makhleb.
  2178 | D:3      | Noticed a cacodemon
  2181 | D:3      | Noticed a ynoxinul
  2181 | D:3      | Noticed a hellwing
  2186 | D:3      | Became a worshipper of Makhleb the Destroyer
  2332 | D:4      | Reached XP level 5. HP: 53/53 MP: 4/4
  2602 | D:4      | Found a deep blue altar of Sif Muna.
  2672 | D:4      | HP: 2/54 [gnoll/halberd (13)]
  2933 | D:4      | Noticed an ogre
  2945 | D:4      | Killed an ogre
  2945 | D:4      | Reached XP level 6. HP: 40/62 MP: 5/5
  3024 | D:4      | Found a staircase to the Ecumenical Temple.
  3030 | Temple   | Entered the Ecumenical Temple
  3097 | D:4      | Found a shadowy altar of Dithmenos.
  3189 | D:5      | Entered Level 5 of the Dungeon
  3216 | D:5      | Noticed furman's ghost (novice FoFi)
  3236 | D:5      | Killed furman's ghost
  3236 | D:5      | Reached skill level 4 in Fighting
  3236 | D:5      | Reached XP level 7. HP: 21/71 MP: 6/6
  3310 | D:5      | Noticed Edmund
  3328 | D:5      | Killed Edmund
  3446 | D:5      | Reached XP level 8. HP: 79/79 MP: 7/7
  3551 | D:5      | Reached * piety under Makhleb
  3608 | D:5      | Found a bloodstained altar of Trog.
  3718 | D:5      | Found a runed door.
  3732 | D:5      | Found a runed door.
  3736 | D:5      | Noticed a soldier ant
  3736 | D:5      | Noticed a soldier ant
  3758 | D:5      | Reached skill level 5 in Fighting
  3848 | D:5      | Killed a soldier ant
  3848 | D:5      | Reached skill level 5 in Maces & Flails
  3860 | D:5      | Killed a soldier ant
  4026 | D:5      | Reached skill level 5 in Shields
  4045 | D:5      | Found a white marble altar of Elyvilon.
  4102 | D:5      | Found a blossoming altar of Fedhas.
  4246 | D:5      | Found a shimmering altar of Xom.
  4357 | D:6      | Found a stormy altar of Qazlal.
  4488 | D:6      | Found a basalt altar of Yredelemnul.
  4491 | D:6      | Noticed a profane servitor
  4500 | D:6      | Found a glowing golden altar of the Shining One.
  4502 | D:6      | Noticed an angel
  4727 | D:6      | Reached ** piety under Makhleb
  4727 | D:6      | Reached skill level 5 in Dodging
  4763 | D:6      | Found a sand-covered staircase.
  4768 | Ossuary  | Entered an ossuary
  5245 | D:6      | Found a bloodstained altar of Trog.
  5480 | D:7      | Reached XP level 9. HP: 64/89 MP: 8/8
  5529 | D:7      | Noticed Menkaure
  5559 | D:7      | Killed Menkaure
  5731 | D:7      | Reached *** piety under Makhleb
  5847 | D:7      | Reached skill level 6 in Fighting
  6288 | D:8      | Noticed Maurice
  6290 | D:8      | Noticed brucemayne's ghost (novice DsAs)
  6318 | D:8      | Killed brucemayne's ghost
  6539 | D:9      | Reached **** piety under Makhleb
  6603 | D:8      | Killed Maurice
  6603 | D:8      | Reached XP level 10. HP: 100/100 MP: 9/9
  6772 | D:8      | Reached skill level 7 in Maces & Flails
  6877 | D:8      | Found a snail-covered altar of Cheibriados.
  7573 | D:9      | Found a roughly hewn altar of Beogh.
  7607 | D:9      | Reached ***** piety under Makhleb
  8015 | D:10     | Entered Level 10 of the Dungeon
  8022 | D:10     | Identified the Incunabulum of Helpful Confrontation
  8102 | D:10     | Noticed Nergalle
  8131 | D:10     | Noticed a spectral orc warlord
  8135 | D:10     | Killed Nergalle
  8284 | D:10     | Found a staircase to the Lair.
  8457 | D:10     | Reached skill level 8 in Maces & Flails
  8633 | D:10     | Got an ancient wooden ring
  8651 | D:10     | Identified the ring of the Six Seas {*Corrode Str+4 Int+3} (You found it on level 10 of the Dungeon)
  8712 | D:10     | Reached XP level 11. HP: 111/111 MP: 10/10
  8969 | D:11     | Noticed a skeletal warrior
  8971 | D:11     | Noticed a skeletal warrior
  8971 | D:11     | Noticed a skeletal warrior
  8971 | D:11     | Noticed a skeletal warrior
  9142 | D:10     | Slain by a skeletal warrior

Vault maps used:
D:1:      mrwooster_arrival_statue_2, grunt_decor_clamped, minivault_24,
          st_stairs_4
D:2:      nemelex_xobeh_ov_fountains_minmay, uniq_terence
D:3:      old_standard_altar, makhleb_altar_promises_db
D:4:      nicolae_dithmenos_through_a_glass_darkly,
          minmay_temple_entry_statues_pillars, serial_bayou_pond_d,
          nrook_mini_vaults, led_sif_book
D:5:      lemuel_insect_pit, lemuel_round_altar, kennysheep_mini,
          lemuel_coloured_pillars_altar, first_bread,
          hangedman_abyss_or_decor_passed, bloody_trog, uniq_edmund
D:6:      grunt_temple_overflow_holy_war, lemuel_round_altar,
          grunt_qazlal_clouds, enter_ossuary_5
D:7:      minmay_crystal_water, the_bakery, dk_noncrumbling_2,
          minmay_misc_feat_five, uniq_menkaure
D:8:      kennysheep_little_box, uniq_maurice
D:9:      special_room
D:10:     lair_0_dummy, hangedman_incinerator, uniq_nergalle
D:11:     erik_orc_3, portal_ice_cave_entry_ice_statue_01, grunt_decor_fettered
Temple:   jpeg_temple_alley_garden_8
Ossuary:  ossuary_tomb_3

Action                   |  1- 3 |  4- 6 |  7- 9 | 10-12 || total
-------------------------+-------+-------+-------+-------++-------
Melee: Whip              |    88 |   138 |   462 |   357 ||  1045
Throw: Javelin           |       |       |     2 |       ||     2
  Use: Potion            |       |     9 |     8 |     5 ||    22
       Scroll            |       |     9 |     3 |     2 ||    14
 Stab: Sleeping          |     1 |       |       |     2 ||     3
  Eat: Chunk             |     2 |    20 |    14 |    14 ||    50
       Bread ration      |     1 |       |     4 |     2 ||     7
       Beef jerky        |     1 |       |       |       ||     1
       Meat ration       |       |       |       |     1 ||     1
